 Dungeon Crawl Stone Soup version 0.19.4 (webtiles) character file.

177 Kiturien the Chopper (level 5, -3/48 HPs)
             Began as a Hill Orc Fighter on Feb 1, 2017.
             Slain by an orc
             ... wielding a +0 trident
              (4 damage)
             ... on level 4 of the Dungeon.
             The game lasted 00:06:11 (2666 turns).

Kiturien the Chopper (Hill Orc Fighter)             Turns: 2666, Time: 00:06:12

Health: -3/48      AC:  6    Str: 20    XL:     5   Next: 57%
Magic:  5/5        EV:  7    Int: 12    God:
Gold:   121        SH: 10    Dex: 10    Spells: 0 memorised, 4 levels left

rFire  + . .     SeeInvis .     a - +0 war axe
rCold  . . .     Gourm    .     b - +0 scale mail
rNeg   . . .     Faith    .     c - +1 shield
rPois  .         Spirit   .     (no helmet)
rElec  .         Reflect  .     (no cloak)
rCorr  .         Harm     .     (no gloves)
MR     .....                    (no boots)
Stlth  ..........               (no amulet)
                                p - +4 ring of intelligence
                                g - ring of protection from fire

@: no status effects
A: no striking features
a: no special abilities


You were on level 4 of the Dungeon.
You were very hungry.

You visited 1 branch of the dungeon, and saw 4 of its levels.

You collected 121 gold pieces.

Inventory:

Hand Weapons
 a - a +0 war axe (weapon)
Missiles
 m - 8 javelins (quivered)
Armour
 b - a +0 scale mail (worn)
 c - a +1 shield (worn)
Jewellery
 g - a ring of protection from fire (left hand)
 p - a +4 ring of intelligence (right hand)
Scrolls
 l - a scroll of immolation {unknown}
 n - 3 scrolls of random uselessness {unknown}
 o - 2 scrolls of magic mapping {unknown}
 r - 2 scrolls of enchant armour
 s - 2 scrolls of teleportation {unknown}
 u - a scroll of noise {unknown}
Potions
 d - a potion of might
 e - a potion of ambrosia {unknown}
 i - 2 potions of magic
 q - a potion of invisibility
 t - a potion of curing {unknown}
Comestibles
 f - 3 bread rations
 h - 4 fruits
 j - 2 meat rations


   Skills:
 - Level 5.0 Fighting
 + Level 5.2 Axes
 - Level 3.4 Armour
 + Level 4.3 Shields


You had 4 spell levels left.
You didn't know any spells.

Dungeon Overview and Level Annotations

Branches:
Dungeon (4/15)
 Temple: D:4-7

Altars:
Ashenzari
Kikubaaqudgha
Trog
Uskayaw


Message History

You completely miss the jackal.
The jackal is moderately wounded.
You slash the orc!
You kill the orc!
You miss something. You block the orc's attack.
Something hits you but does no damage.
The jackal bites you but does no damage.
The orc closely misses you.
You closely miss the jackal. You closely miss something.
You block the jackal's attack. Something hits you but does no damage.
The jackal barely misses you.
The orc hits you from afar with a trident!
* * * LOW HITPOINT WARNING * * *
Something hits you but does no damage.
You are feeling very hungry.
You closely miss the jackal. You barely miss something.
The jackal bites you but does no damage.
You block the jackal's attack.
The orc hits you from afar with a trident.
You die...

#.........#
#..........
#......$..
#........
#......# #..o...#
#####.)h{..#
.......@†..#
......$.[^.#
...........# #
...........# .
...........#.#
...........#.####
##.####..........
...####..........
## #.............


You could see an orc and a jackal.

Vanquished Creatures
  An orc priest (D:4)
  7 adders
  3 worms (D:3)
  A dart slug (D:1)
  A leopard gecko (D:2)
  3 orcs
  A ball python (D:2)
  3 giant cockroaches (D:3)
  7 goblins
  10 hobgoblins
  5 jackals
  11 kobolds
  A quokka (D:2)
  7 bats
  5 frilled lizards
  A rat (D:1)
67 creatures vanquished.

Notes
Turn   | Place    | Note
-------+----------+-------------------------------------------
     0 | D:1      | Kiturien the Hill Orc Fighter began the quest for the Orb.
     0 | D:1      | Reached XP level 1. HP: 19/19 MP: 1/1
   326 | D:1      | You fall through a shaft!
   335 | D:2      | Reached XP level 2. HP: 22/27 MP: 2/2
   433 | D:2      | Reached XP level 3. HP: 25/33 MP: 3/3
   974 | D:1      | Reached XP level 4. HP: 41/41 MP: 4/4
  1199 | D:2      | Reached skill level 5 in Fighting
  1625 | D:3      | Found a hide-covered altar of Uskayaw.
  1983 | D:3      | Found an ancient bone altar of Kikubaaqudgha.
  1984 | D:3      | Found a shattered altar of Ashenzari.
  2045 | D:3      | Reached XP level 5. HP: 30/48 MP: 5/5
  2554 | D:3      | Found a bloodstained altar of Trog.
  2658 | D:4      | Reached skill level 5 in Axes
  2665 | D:4      | HP: 1/48 [orc/trident (8)]
  2666 | D:4      | Slain by an orc

Skill      XL: |  1  2  3  4  5 |
---------------+----------------+-----
Fighting       | 4 5 |  5.0
Axes           | 3 4 5 |  5.2
Shields        | 4 |  4.3
Armour         | |  3.4

Action                   |  1- 3 |  4- 6 || total
-------------------------+-------+-------++-------
Melee: War axe           |    82 |   143 ||   225
  Use: Scroll            |       |     4 ||     4
  Eat: Pizza             |       |     1 ||     1
       Beef jerky        |       |     1 ||     1
       Royal jelly       |       |     1 ||     1
Armor: Scale mail        |    38 |    72 ||   110
Dodge: Dodged            |    21 |    70 ||    91
Block: Shield            |    57 |    84 ||   141
